 Dungeon Crawl Stone Soup version 0.28.0-53-g5a82cb258f (webtiles) character file.

Game seed: 6478140013799688968

23 protoss039 the Digger (level 2, 0/21 HPs)
             Began as a Demonspawn Earth Elementalist on June 7, 2022.
             Slain by a kobold
             ... wielding a +0 whip
              (2 damage)
             ... on level 1 of the Dungeon.
             The game lasted 00:01:10 (959 turns).

protoss039 the Digger (DsEE)                         Turns: 959, Time: 00:01:10

Health: 0/21       AC:  2    Str:  8    XL:     2   Next: 72%
Magic:  2/5        EV: 12    Int: 16    God:
Gold:   0          SH:  0    Dex: 13    Spells: 4/5 levels left

rFire   . . .      SeeInvis .   d - +0 short sword
rCold   . . .      Faith    .   (no shield)
rNeg    . . .      Spirit   .   b - +0 robe
rPois   .          Reflect  .   (no helmet)
rElec   .          Harm     .   (no cloak)
rCorr   .          Rampage  .   (no gloves)
Will    .....                   (no boots)
Stlth   ++........              a - amulet of regeneration
HPRegen 0.87/turn               (no ring)
MPRegen 0.09/turn               (no ring)

@: very slightly contaminated
A: powered by pain 1
a: no special abilities


You were on level 1 of the Dungeon.
You visited 1 branch of the dungeon, and saw 1 of its levels.

Inventory:

Hand Weapons
 d - a +0 short sword (weapon)
Missiles
 c - 11 stones
Armour
 b - a +0 robe (worn)
Jewellery
 a - an amulet of regeneration (around neck)
Scrolls
 e - a scroll of noise {unknown}
 f - a scroll of identify {unknown}


   Skills:
 * Level 1.4 Fighting
 + Level 0.6 Armour
 - Level 1.7 Dodging
 - Level 1.7 Stealth
 + Level 2.2 Spellcasting
 - Level 1.0 Transmutations
 + Level 2.9 Earth Magic


You had 4 spell levels left.
You knew the following spells:

 Your Spells              Type           Power      Damage    Failure   Level
a - Sandblast             Erth           22%        2d7       6%          1

Your spell library contained the following spells:

 Spells                   Type           Power      Damage    Failure   Level
 Passwall                 Tmut/Erth      6%         N/A       14%         2
 Stone Arrow              Conj/Erth      12%        3d7       32%         3
 Petrify                  Tmut/Erth      8%         N/A       65%         4


Dungeon Overview and Level Annotations

Branches:
Dungeon (1/15)

Altars:


Innate Abilities, Weirdness & Mutations

You sometimes gain a little power by taking damage.


Message History

The endoplasm freezes you.
You are frozen.
You hit the endoplasm.
The endoplasm is moderately wounded.
The kobold closely misses you. The endoplasm freezes you.
You are frozen.
The kobold hits you with a +0 whip.
Unknown command.
You hit the endoplasm but do no damage.
The endoplasm is moderately wounded.
The endoplasm hits you. The kobold hits you with a +0 whip.
Casting: Sandblast (safe; 6% risk of failure)
Confirm with . or Enter, or press ? or * to list all spells.
Aiming: Sandblast (safe; 6% risk of failure)
Press: ? - help, Shift-Dir - straight line, f - endoplasm
Aim: an endoplasm (moderately wounded, 98% to hit)
The blast of sand hits the endoplasm.
The endoplasm is almost dead.
The endoplasm freezes you.
You are frozen.
The kobold hits you with a +0 whip.
* * * LOW HITPOINT WARNING * * *
Casting: Sandblast (safe; 6% risk of failure)
Confirm with . or Enter, or press ? or * to list all spells.
Aiming: Sandblast (safe; 6% risk of failure)
Press: ? - help, Shift-Dir - straight line, f/p - endoplasm
Aim: an endoplasm (almost dead, 98% to hit)
You miscast Sandblast.
You are very lightly contaminated with residual magic.
Nothing appears to happen.
The endoplasm closely misses you. The kobold hits you with a +0 whip.
* * * LOW HITPOINT WARNING * * *
Casting: Sandblast (safe; 6% risk of failure)
Confirm with . or Enter, or press ? or * to list all spells.
Aiming: Sandblast (safe; 6% risk of failure)
Press: ? - help, Shift-Dir - straight line, f/p - endoplasm
Aim: an endoplasm (almost dead, 98% to hit)
The blast of sand hits the endoplasm but does no damage.
The endoplasm is almost dead.
The endoplasm closely misses you. The kobold hits you with a +0 whip.
You die...

#.......# # #.......#
#.......#### ########
#.......#... .......
........'... ####....#
#####...##.#
........###### #...##.#
#...JK##...# ######.#
#....@##.."# #.#
#.....##...# #.#
#........†.#########'#
.............##.........
###..........##.........
#..........##.........
............#########.#
####.......### ######.#
#.......# #.......


You could see an endoplasm and a kobold.

Vanquished Creatures
  2 dart slugs (D:1)
  4 ball pythons (D:1)
  A bat (D:1)
  A giant cockroach (D:1)
  2 hobgoblins (D:1)
  2 quokkas (D:1)
  2 frilled lizards (D:1)
  2 kobolds (D:1)
  3 rats (D:1)
19 creatures vanquished.

Notes
Turn   | Place    | Note
-------+----------+-------------------------------------------
     0 | D:1      | protoss039 the Demonspawn Earth Elementalist began the
                  | quest for the Orb.
     0 | D:1      | Reached XP level 1. HP: 13/13 MP: 3/3
    57 | D:1      | Reached skill level 1 in Transmutations
   270 | D:1      | Found a faded altar of an unknown god.
   306 | D:1      | Reached skill level 1 in Fighting
   306 | D:1      | Gained mutation: You sometimes gain a little power by
                  | taking damage. [demonic ancestry]
   306 | D:1      | Reached XP level 2. HP: 21/21 MP: 0/5
   958 | D:1      | HP: 1/21 [kobold/+0 whip (5)]
   959 | D:1      | Slain by a kobold

Illustrated notes

Levels and vault maps discovered:
D:1:      sevenhm_arrival_forest_fort_large_2, layout_basic,
          hellmonk_ecumenical_altar_leap_of_faith

Skill      XL: |  1 |
---------------+----+-----
Transmutations | 1 |  1.0
Fighting       | 1 |  1.4
Armour         | |  0.6
Dodging        | |  1.7
Stealth        | |  1.7
Spellcasting   | |  2.2
Earth Magic    | |  2.9

Action                   || total
-------------------------++-------
Melee: Unarmed           ||    29
       Short sword       ||    46
 Cast: Sandblast         ||    19
 Stab: Sleeping          ||     3
Armor: Robe              ||    18
Dodge: Dodged            ||    64
